 Dungeon Crawl Stone Soup version 0.31.0-32-g396128a36d (webtiles) character file.

Game seed: 4007881332505851740

14 DemonSlayer the Digger (level 2, -2/19 HPs)
             Began as a Demonspawn Earth Elementalist on Apr 15, 2024.
             Slain by an ice beast (10 damage)
             ... on level 5 of the Dungeon.
             The game lasted 00:01:45 (353 turns).

DemonSlayer the Digger (DsEE)                        Turns: 353, Time: 00:01:47

Health: -2/19      AC:  3    Str:  8    XL:     2   Next: 27%
Magic:  1/5        EV: 12    Int: 15    God:
Gold:   5          SH:  0    Dex: 13    Spells: 5/6 levels left

rFire   . . .        c - +0 dagger
rCold   . . .        (no shield)
rNeg    . . .        a - +0 robe
rPois   .            (no helmet)
rElec   .            (no cloak)
rCorr   .            (no gloves)
SInv    .            (no boots)
Will    .....        (no amulet)
Stlth   ++           (no ring)
HPRegen 0.23/turn    (no ring)
MPRegen 0.09/turn

%: no passive effects
@: no status effects
A: sharp scales 1
a: no special abilities


You were on level 5 of the Dungeon.
You visited 1 branch of the dungeon, and saw 4 of its levels.

You collected 5 gold pieces.

Inventory:

Hand Weapons
 c - a +0 dagger (weapon)
Armour
 a - a +0 robe (worn)
Potions
 b - a potion of magic


   Skills:
 + Level 1.8 Dodging
 + Level 1.7 Stealth
 + Level 2.6 Spellcasting
 + Level 1.0 Conjurations
 + Level 2.8 Earth Magic


You had 5 spell levels left.
You knew the following spells:

 Your Spells              Type           Power      Damage    Failure   Level
a - Sandblast             Erth           20%        2d7       6%          1

Your spell library contained the following spells:

 Spells                   Type           Power      Damage    Failure   Level
 Passwall                 Erth           10%        N/A       19%         3
 Stone Arrow              Conj/Erth      14%        3d7       28%         3
 Brom's Barrelling Bould  Conj/Erth      7%         2d3       67%         4
 Petrify                  Alch/Erth      6%         N/A       75%         4


Dungeon Overview and Level Annotations

Branches:
Dungeon (5/15)             Temple (0/1) D:5

Altars:
Fedhas
Hepliaklqana
Makhleb
Qazlal


Innate Abilities, Weirdness & Mutations

You are partially covered in razor-sharp scales. (AC +1, Slay +1)


Message History

Found four altars.
Found a stone staircase leading down.
There is a stone staircase leading down here.
You climb downwards.
Found 4 stones.
Found a stone staircase leading down.
There is a stone staircase leading up here.
A hound comes into view.
Found 12 gold pieces.
There is a stone staircase leading up here.
A phantom comes into view.
An iguana comes into view.
Found a staircase to the Ecumenical Temple.
An ice beast comes into view.
The blast of sand misses the ice beast.
The ice beast hits you. The ice beast freezes you!
Casting: Sandblast (safe; 6% risk of failure)
Confirm with . or Enter, or press ? or * to list all spells.
Aiming: Sandblast (safe; 6% risk of failure)
Press: ? - help, Shift-Dir - straight line, f/p - ice beast
Aim: an ice beast (82% to hit)
The blast of sand hits the ice beast but does no damage.
The ice beast closely misses you.
The ice beast hits you but does no damage.
Casting: Sandblast (safe; 6% risk of failure)
Confirm with . or Enter, or press ? or * to list all spells.
Aiming: Sandblast (safe; 6% risk of failure)
Press: ? - help, Shift-Dir - straight line, f/p - ice beast
Aim: an ice beast (82% to hit)
The blast of sand hits the ice beast.
The ice beast is lightly wounded.
The ice beast misses you.
Casting: Sandblast (safe; 6% risk of failure)
Confirm with . or Enter, or press ? or * to list all spells.
Aiming: Sandblast (safe; 6% risk of failure)
Press: ? - help, Shift-Dir - straight line, f/p - ice beast
Aim: an ice beast (lightly wounded, 82% to hit)
The blast of sand hits the ice beast but does no damage.
The ice beast is lightly wounded.
The ice beast hits you. The ice beast freezes you!
Ouch! That really hurt!
You die...

#.......###.....
##.......<.......
#................
##.#.....####...>.
#.........# $....
#.#.......... ....
#.#........#.#h...
#.##......#.#l ...
#@###....#.#.# #..
#...Y.####..#.>.
#.....# .# #.....#
#...... #......#
#.....## #.....#


You could see an ice beast.

Vanquished Creatures
  An adder (D:2)
  A ball python (D:1)
  A giant cockroach (D:1)
  A bat (D:1)
  A frilled lizard (D:2)
  A rat (D:2)
6 creatures vanquished.

Notes
Turn   | Place    | Note
-------+----------+-------------------------------------------
     0 | D:1      | DemonSlayer the Demonspawn Earth Elementalist began the
                  | quest for the Orb.
     0 | D:1      | Reached XP level 1. HP: 13/13 MP: 3/3
   265 | D:2      | Gained mutation: You are partially covered in razor-sharp
                  | scales. (AC +1, Slay +1) [demonic ancestry]
   265 | D:2      | Reached XP level 2. HP: 19/19 MP: 2/5
   328 | D:2      | You fall into a shaft and drop 2 floors!
   328 | D:4      | Found a burning altar of Makhleb.
   328 | D:4      | Found a hazy altar of Hepliaklqana.
   328 | D:4      | Found a stormy altar of Qazlal.
   328 | D:4      | Found a blossoming altar of Fedhas.
   334 | D:5      | Entered Level 5 of the Dungeon
   339 | D:5      | Noticed a phantom
   340 | D:5      | Found a staircase to the Ecumenical Temple.
   349 | D:5      | Noticed an ice beast
   353 | D:5      | Slain by an ice beast

Illustrated notes

Levels and vault maps discovered:
D:1:      dpeg_arrival_round_b, layout_basic
D:2:      layout_basic, dreamdust_princess_corridor
D:4:      layout_cave_pools, mainiacjoe_overflow_cross_hatched,
          nicolae_overflow_hidden_temple, mainiacjoe_overflow_24_doors,
          serial_shops, nicolae_shop_just_a_little_nook,
          nicolae_shop_firing_range
D:5:      layout_rooms, minmay_temple_entry_grid

Action                     || total
---------------------------++-------
  Melee: Unarmed           ||     5
         Dagger            ||     1
   Cast: Sandblast         ||    12
   Stab: Sleeping          ||     1
 Armour: Robe              ||    14
  Dodge: Dodged            ||    14
